 Dungeon Crawl Stone Soup version 0.29-a0-322-g68df515428 (webtiles) character file.

Game seed: 11027400919594511240

2209 Murumi the Fighter (level 9, -3/98 HPs)
             Began as an Ogre Chaos Knight on Apr 8, 2022.
             Was a Plaything of Xom.
             Slain by a vampire mosquito (4 damage)
             ... on level 5 of the Dungeon.
             The game lasted 00:17:57 (6367 turns).

Murumi the Fighter (Ogre Chaos Knight)              Turns: 6367, Time: 00:17:58

Health: -3/98      AC:  6    Str: 22    XL:     9   Next: 35%
Magic:  9/9        EV: 10    Int: 13    God:    Xom [*.....]
Gold:   196        SH:  5    Dex:  8    Spells: 8/8 levels left

rFire   . . .      SeeInvis .   z - +0 flail (holy)
rCold   . . .      Faith    .   (no shield)
rNeg    . . .      Spirit   .   b - +2 robe
rPois   .          Reflect  +   j - +1 hat
rElec   .          Harm     .   (no cloak)
rCorr   .          Rampage  .   (gloves unavailable)
Will    +....                   (boots unavailable)
Stlth   ++........              g - amulet of reflection
HPRegen 0.26/turn               s - ring of willpower
MPRegen 0.11/turn               (no ring)

@: mighty
A: large, unfitting armour, tough skin 1
a: Renounce Religion


You were on level 5 of the Dungeon.
You worshipped Xom.
You were a special plaything of Xom.
You visited 1 branch of the dungeon, and saw 6 of its levels.

You collected 196 gold pieces.

Inventory:

Hand Weapons
 a - a +0 mace of chaos
 h - a +3 whip of venom
 z - a +0 flail of holy wrath (weapon)
Missiles
 e - 163 stones (quivered)
 q - 2 poisoned darts
 v - a boomerang of dispersal
 x - 3 curare-tipped darts
Armour
 b - a +2 robe (worn)
 j - a +1 hat (worn)
Jewellery
 g - an amulet of reflection (around neck)
 s - a ring of willpower (left hand)
Wands
 i - a wand of acid (5)
 y - a wand of flame (19)
Scrolls
 f - 3 scrolls of silence
 r - 2 scrolls of fog
 t - a scroll of teleportation
Potions
 d - 2 potions of curing
 l - a potion of heal wounds {unknown}
 m - a potion of magic {unknown}
 n - a potion of cancellation {unknown}
 o - a potion of berserk rage {unknown}
 p - a potion of degeneration {unknown}
 u - a potion of lignification {unknown}
 w - a potion of brilliance {unknown}
Miscellaneous
 c - a piece from Xom's chessboard (15/15)


   Skills:
 + Level 9.3 Fighting
 - Level 5.0 Maces & Flails
 - Level 6.0 Throwing
 - Level 2.0 Armour
 - Level 5.0 Dodging
 - Level 2.0 Stealth
 - Level 2.0 Evocations


You had 8 spell levels left.
You didn't know any spells.
Your spell library contained the following spells:

 Spells                   Type           Power      Damage    Failure   Level
 Magic Dart               Conj           0%         1d3       30%         1
 Slow                     Hex            0%         N/A       30%         1
 Searing Ray              Conj           0%         2d4       43%         2
 Confusing Touch          Hex            0%         N/A       67%         3
 Vampiric Draining        Necr           0%         2d6       67%         3
 Fulminant Prism          Conj/Hex       0%         3d6       97%         4


Dungeon Overview and Level Annotations

Branches:
Dungeon (6/15)             Temple (0/1) D:4

Altars:
The Shining One


Innate Abilities, Weirdness & Mutations

You are too large for most types of armour.
You have tough skin. (AC +1)


Message History

The vampire mosquito draws strength from your injuries!
The vampire mosquito bites you but does no damage. x2
There is a stone staircase leading down here.
The vampire mosquito attacks as you move away!
The vampire mosquito closely misses you.
The vampire mosquito bites you!
* * * LOW HITPOINT WARNING * * *
The vampire mosquito draws strength from your injuries!
The vampire mosquito bites you but does no damage.
The vampire mosquito bites you!
* * * LOW HITPOINT WARNING * * *
The vampire mosquito draws strength from your injuries!
The vampire mosquito attacks as you move away!
The vampire mosquito bites you!
* * * LOW HITPOINT WARNING * * *
The vampire mosquito draws strength from your injuries!
The vampire mosquito attacks as you move away!
The vampire mosquito bites you.
* * * LOW HITPOINT WARNING * * *
The vampire mosquito draws strength from your injuries!
Okay, then.
You are too injured to fight recklessly!
You feel better. The vampire mosquito misses you.
The vampire mosquito barely misses you.
You miss the vampire mosquito. The vampire mosquito barely misses you.
You block the vampire mosquito's attack.
You hit the vampire mosquito but do no damage.
The vampire mosquito bites you!
* * * LOW HITPOINT WARNING * * *
The vampire mosquito draws strength from your injuries!
The vampire mosquito bites you.
* * * LOW HITPOINT WARNING * * *
The vampire mosquito draws strength from your injuries!
The vampire mosquito bites you but does no damage.
It was a potion of might.
You feel very mighty all of a sudden.
Xom thinks this is hilarious!
The vampire mosquito bites you.
You die...
Xom guffaws!

###### #....# ##### #.##.#
#...# #.##@#
#.#.#####.##y##
#####.#....##...y.# ######
.............)..>†# #....#
#.#...#.....)))#÷.###.##.#
..#.#....#.###.........#.#
.##.#.#..#.##..........#.#
.##...#....##.#.######...#
.###.....####.#.# #####


You could see 2 vampire mosquitoes.

Vanquished Creatures
  Pikel (D:4)
  Grinder (D:4)
  Sigmund (D:4)
  Eustachio (D:4)
  A vampire mosquito (D:5)
  2 water moccasins
  A black bear (D:5)
  A phantom (D:4)
  A kobold brigand (D:6)
  A necrophage (D:4)
  2 scorpions
  2 bullfrogs
  6 orc priests
  2 iguanas (D:5)
  3 orc wizards
  3 gnolls (D:3)
  6 adders
  A white imp (D:6)
  2 worms
  2 dart slugs
  23 orcs
  3 bats (D:2)
  4 endoplasms
  7 goblins
  6 hobgoblins
  3 quokkas
  7 ball pythons
  2 frilled lizards
  10 kobolds
  6 rats
111 creatures vanquished.

Vanquished Creatures (others)
  An endoplasm (D:1)
  A kobold (D:6)
2 creatures vanquished.

Grand Total: 113 creatures vanquished

Notes
Turn   | Place    | Note
-------+----------+-------------------------------------------
     0 | D:1      | Murumi the Ogre Chaos Knight began the quest for the Orb.
     0 | D:1      | Reached XP level 1. HP: 24/24 MP: 1/1
   242 | D:1      | Reached XP level 2. HP: 32/32 MP: 2/2
   253 | D:1      | XOM: silly message
   553 | D:1      | XOM: divination: magic mapping
   575 | D:1      | XOM: silly message
   992 | D:1      | XOM: divination: detect creatures
  1032 | D:2      | Reached XP level 3. HP: 39/39 MP: 3/3
  1192 | D:2      | Reached skill level 1 in Throwing
  1906 | D:3      | Reached skill level 1 in Armour
  1906 | D:3      | Reached XP level 4. HP: 48/48 MP: 4/4
  1908 | D:3      | Reached skill level 1 in Evocations
  2121 | D:3      | XOM is BORED!
  2247 | D:3      | XOM: noise
  2327 | D:3      | Reached skill level 1 in Stealth
  2456 | D:3      | Found a glowing golden altar of the Shining One.
  2510 | D:3      | Reached XP level 5. HP: 30/55 MP: 5/5
  2943 | D:4      | Reached skill level 5 in Fighting
  3162 | D:4      | Noticed Pikel
  3162 | D:4      | Noticed a lemure
  3162 | D:4      | Noticed a lemure
  3162 | D:4      | Noticed a phantom
  3191 | D:4      | XOM: noise
  3193 | D:4      | Killed Pikel
  3194 | D:4      | Reached skill level 6 in Fighting
  3194 | D:4      | Reached skill level 7 in Fighting
  3194 | D:4      | Reached XP level 6. HP: 20/72 MP: 6/6
  3194 | D:4      | Reached XP level 7. HP: 22/79 MP: 7/7
  3196 | D:4      | Reached skill level 8 in Fighting
  3858 | D:4      | Found a staircase to the Ecumenical Temple.
  3858 | D:4      | Noticed Eustachio
  3872 | D:4      | XOM: noise
  3900 | D:4      | XOM: silly message
  3908 | D:4      | XOM: enchant monster (good)
  3914 | D:4      | XOM: confusion (+ monsters)
  3924 | D:4      | Killed Eustachio
  3925 | D:4      | Reached XP level 8. HP: 20/88 MP: 8/8
  4216 | D:4      | Noticed Sigmund
  4217 | D:4      | XOM: divination: detect creatures
  4229 | D:4      | XOM: chaos upgrade
  4231 | D:4      | Killed Sigmund
  4232 | D:4      | Reached skill level 5 in Throwing
  4416 | D:5      | Entered Level 5 of the Dungeon
  4482 | D:5      | Noticed Grinder
  4498 | D:4      | XOM: enchant monster (good)
  4503 | D:4      | Killed Grinder
  4504 | D:4      | Reached skill level 9 in Fighting
  4914 | D:5      | XOM: swap monsters
  4947 | D:5      | Reached skill level 5 in Maces & Flails
  4947 | D:5      | Reached XP level 9. HP: 19/98 MP: 9/9
  5842 | D:6      | Reached skill level 5 in Dodging
  6366 | D:5      | HP: 1/98 [vampire mosquito (4)]
  6367 | D:5      | Slain by a vampire mosquito

Illustrated notes

Levels and vault maps discovered:
D:1:      wander_arrival_lonely_grave, layout_rooms
D:2:      layout_basic
D:3:      layout_loops_corners, nicolae_tso_carved_into_rock
D:4:      layout_loops_ring, minmay_temple_entry_glass, minmay_statues_item,
          uniq_sigmund, uniq_pikel, uniq_eustachio
D:5:      layout_basic, uniq_grinder
D:6:      layout_cave_pods, nicolae_wu_jian_wuxing_cycle, chequers_mini_garden,
          abandoned_shop, dk_vineyard_2

Skill      XL: |  1  2  3  4  5  6  7  8  9 |
---------------+----------------------------+-----
Maces & Flails | 3 4 5 |  5.0
Dodging        | 3 4 5 |  5.0
Throwing       | 2 4 5 6 |  6.0
Armour         | 1 2 |  2.0
Evocations     | 1 2 |  2.0
Stealth        | 1 2 |  2.0
Fighting       | 7 8 9 |  9.3

Action                   |  1- 3 |  4- 6 |  7- 9 || total
-------------------------+-------+-------+-------++-------
Melee: Mace              |    63 |       |       ||    63
       Punch             |     2 |       |     2 ||     4
       Whip              |    16 |    92 |   222 ||   330
       Flail             |       |       |     7 ||     7
Throw: Stone             |    47 |    29 |    85 ||   161
       Dart              |       |       |     4 ||     4
Evoke: Wand              |       |     1 |       ||     1
  Use: Scroll            |     8 |     2 |     5 ||    15
       Potion            |       |       |     3 ||     3
 Stab: Paralysed         |       |       |     5 ||     5
       Sleeping          |       |       |     2 ||     2
       Confused          |       |       |     1 ||     1
Armor: Robe              |    33 |    14 |    67 ||   114
Dodge: Dodged            |    46 |    24 |    92 ||   162
Block: Other             |     3 |    17 |    41 ||    61
       Reflection        |       |       |     4 ||     4

Table legend: (Time is in decaauts)
 A = Elapsed time spent in this place.
 B = Non-inter-level travel time spent in this place.
 C = Inter-level travel time spent in this place.
 D = Time resting spent in this place.
 E = Time spent auto-exploring this place.
 F = Levels seen in this place.
 G = Mean time per level.
                   A        B        C        D        E       F      G
               +--------+--------+--------+--------+--------+-----+--------+
         Total |   6351 |   5865 |    486 |      0 |   4900 |   6 | 1058.5 |
       Dungeon |   6351 |   5865 |    486 |      0 |   4900 |   6 | 1058.5 |
               +--------+--------+--------+--------+--------+-----+--------+

Top non-repeatable levels by time:
     D:4: 1666 daAuts
     D:5: 1199 daAuts
     D:1: 1097 daAuts
     D:3: 1076 daAuts
     D:2: 805 daAuts
     D:6: 506 daAuts
